 Adventure DCSS version bcrawl-1.32 (webtiles) character file.

Game seed: 9770055570401329361

67965 Leeroy the Slasher (level 3, 21/21 HPs)
             Began as a Skeleton Skald on Aug 2, 2021.
             Quit the game on level 4 of the Dungeon.
             The game lasted 00:03:59 (2824 turns).

Leeroy the Slasher (Skeleton Skald)                 Turns: 2824, Time: 00:03:59

Health: 21/21      AC:  3    Str: 18    XL:     3   Next: 33%
Magic:  7/7        EV: 12    Int: 12    God:
Gold:   166        SH:  1    Dex:  8    Spells: 1/8 levels left
                                        Lives:  1   Deaths: 1

rFire    . . .     SeeInvis .   a - +0 long sword
rCold    + . .     Gourm    .   (no shield)
rNeg     + + +     Faith    .   f - +0 leather armour (curse)
rPois    ∞         Spirit   +   (no helmet)
rElec    .         Reflect  .   (no cloak)
rCorr    .         Harm     .   (no gloves)
MR       .....                  (no boots)
Stlth    +.........             (no amulet)
HPRegen  0.07/turn              (no ring)
MPRegen  0.10/turn              (no ring)

@: no status effects
A: no food or potions, cold resistance 1, deterioration 1, negative energy
resistance 3, torment resistance, unbreathing, magic shield, sturdy frame 1,
spell healing
a: no special abilities


You were on level 4 of the Dungeon.
You were not hungry.

You visited 1 branch of the dungeon, and saw 4 of its levels.

You collected 166 gold pieces.

Inventory:

Hand Weapons
 a - a +0 long sword (weapon)
Armour
 b - a +0 leather armour
 c - a +0 chain mail
 f - a cursed +0 leather armour (worn)
 h - a +0 ring mail
 l - a +0 cloak
 n - a +0 cloak
Scrolls
 d - a scroll of fear
 e - a scroll of immolation {unknown}
 g - 2 scrolls of enchant weapon {unknown}
 i - 2 scrolls of identify
 j - 3 scrolls of noise {unknown}
 k - a scroll of amnesia
 m - a scroll of magic mapping {unknown}


   Skills:
 - Level 2.0 Fighting
 + Level 5.6 Long Blades
 - Level 1.1 Armour
 - Level 2.0 Dodging
 - Level 3.0 Spellcasting
 - Level 3.2 Charms


You had one spell level left.
You knew the following spells:

 Your Spells              Type           Power        Failure   Level  Hunger
a - Song of Slaying       Chrm           #.......     10%         2    N/A
b - Swiftness             Chrm/Air       #.......     21%         2    N/A
c - Spectral Weapon       Hex/Chrm       #.......     36%         3    N/A

Your spell library contained the following spells:

 Spells                   Type           Power        Failure   Level  Hunger
 Infusion                 Chrm           #.......     7%          1    N/A
 Ozocubu's Armour         Chrm/Ice       #.......     36%         3    N/A
 Regeneration             Chrm/Necr      Unusable     N/A         3    N/A

Dungeon Overview and Level Annotations

Branches:
Dungeon (4/12)
 Temple: D:4-7

Altars:
Uskayaw
Yredelemnul


Innate Abilities, Weirdness & Mutations

You do not eat or drink.
You are immune to poison.
Your flesh is cold resistant. (rC+)
Your body sometimes deteriorates upon taking damage.
You are immune to negative energy. (rN+++)
You are immune to unholy pain and torment.
You can survive without breathing.
When hurt, damage is shared between your health and your magic reserves.
Your movements are slightly less encumbered by armour. (ER -2)
Casting spells heals you.


Message History

The worker ant bites you.
* * * LOW HITPOINT WARNING * * *
You hit the quokka but do no damage. The quokka barely misses you.
The worker ant waves its antennae.
The worker ant closely misses you.
Casting: Spectral Weapon (slightly dangerous; 36% risk of failure)
Confirm with . or Enter, or press ? or * to list all spells.
You miscast Spectral Weapon.
You are very lightly contaminated with residual magic.
You smell tea.
The quokka barely misses you. The worker ant bites you!
* * * LOW HITPOINT WARNING * * *
You hit the quokka.
The quokka is lightly wounded.
The quokka bites you.
You die...
The worker ant closely misses you.
Xom reaches out...
You are now level 3!
You rejoin the land of the living...
Are you sure you want to abandon this character and quit the game? (Confirm with "yes".)

....... ....)..
......>##
#.....#........
.#.........)..##
...............# ###
......>.......##.....
.....#...?.#@...# .
#..##...#####..#
....###a...# .#
......r..^.######
....#####.......# # .
##.#....##..
#.#.......#
#.#....####
#.#.>......


There were no monsters in sight!

Vanquished Creatures
  2 adders (D:3)
  An ooze (D:1)
  2 worms (D:3)
  2 dart slugs
  4 leopard geckos
  4 orcs
  A ball python (D:3)
  3 giant cockroaches
  4 goblins
  5 hobgoblins
  2 jackals (D:1)
  2 quokkas (D:1)
  8 bats
  A frilled lizard (D:1)
  6 kobolds
  4 rats
51 creatures vanquished.

Vanquished Creatures (others)
  4 toadstools (D:1)
4 creatures vanquished.

Grand Total: 55 creatures vanquished

Notes
Turn   | Place    | Note
-------+----------+-------------------------------------------
     0 | D:1      | Leeroy the Skeleton Skald began the quest for the Orb.
     0 | D:1      | Reached XP level 1. HP: 12/12 MP: 4/4
    74 | D:1      | Reached skill level 3 in Long Blades
   219 | D:1      | Reached XP level 2. HP: 10/17 MP: 4/6
   654 | D:1      | Learned a level 2 spell: Song of Slaying
   657 | D:1      | Learned a level 2 spell: Swiftness
   899 | D:1      | Reached skill level 4 in Long Blades
   978 | D:1      | Reached XP level 3. HP: 15/21 MP: 4/7
   987 | D:1      | Learned a level 3 spell: Spectral Weapon
  1993 | D:2      | Found a basalt altar of Yredelemnul.
  1993 | D:2      | Found a hide-covered altar of Uskayaw.
  2535 | D:3      | Reached skill level 5 in Long Blades
  2604 | D:3      | Reached XP level 4. HP: 2/26 MP: 1/8
  2765 | D:3      | Noticed an ogre
  2822 | D:4      | HP: 1/26 [worker ant (6)]
  2823 | D:4      | Slain by a quokka
  2824 | D:4      | Reached XP level 3. HP: -1/21 MP: 0/7
  2824 | D:4      | Quit the game

Skill      XL: |  1  2  3 |
---------------+----------+-----
Long Blades    | 3 4 5 |  5.6
Fighting       | |  2.0
Armour         | |  1.1
Dodging        | |  2.0
Spellcasting   | |  3.0
Charms         | |  3.2

Action                   |  1- 3 |  4- 6 || total
-------------------------+-------+-------++-------
Melee: Long sword        |   157 |    15 ||   172
 Cast: Spectral Weapon   |     2 |       ||     2
  Use: Scroll            |     1 |       ||     1
Armor: Leather armour    |    50 |     3 ||    53
Dodge: Dodged            |   125 |    19 ||   144
